 Dungeon Sprint DCSS version 0.14-a0-759-g26e2352 (webtiles) character file.

699 Deemzul the Spear-Bearer (level 6, -1/43 HPs)
             Began as a Formicid Fighter on Nov 8, 2013.
             Slain by a giant amoeba (7 damage)
             ... in the Dungeon (Sprint I: "Red Sonja").
             The game lasted 00:01:40 (806 turns).

Deemzul the Spear-Bearer (Formicid Fighter)          Turns: 806, Time: 00:01:40

HP  -1/43        AC  7     Str 23      XL: 6   Next: 91%
MP   5/5         EV  6     Int  7      God:
Gold 351         SH 18     Dex 10      Spells:  0 memorised,  5 levels left

Res.Fire  : . . .   See Invis. : .   m - +2,+0 scythe
Res.Cold  : . . .   Warding    : .   b - +0 scale mail
Life Prot.: . . .   Conserve   : .   c - +0 shield
Res.Poison: x       Res.Corr.  : .   (helmet restricted)
Res.Elec. : .       Clarity    : .   (no cloak)
Sust.Abil.: . .     Spirit.Shd : .   (no gloves)
Res.Mut.  : .       Stasis     : +   (no boots)
Res.Rott. : .       Flight     : .   k - amulet of stasis {unknown}
Saprovore : . . .                    (no ring)
                                     (no ring)

@: slightly resistant to hostile enchantments, extremely unstealthy
A: permanent stasis, dig shafts and tunnels, four strong arms, poison weakness,
antennae 1, exoskeleton 1
a: Dig


You were in the Dungeon.
You were not hungry.

You visited 1 branch You collected 351 gold pieces.

Inventory:

Hand weapons
 a - a +0,+0 trident
 m - a +2,+0 scythe (weapon)
Armour
 b - a +0 scale mail (worn)
 c - a +0 shield (worn)
Comestibles
 d - a bread ration
Scrolls
 j - a scroll of blinking
 l - a scroll of enchant weapon I {unknown}
Jewellery
 k - an amulet of stasis (around neck) {unknown}
Potions
 e - a potion of curing
 f - a potion of heal wounds
 g - a potion of speed
 h - 2 potions of magic
 i - a potion of berserk rage


   Skills:
 - Level 3.0 Fighting
 * Level 13.2 Polearms
 - Level 3.6 Armour
 - Level 3.0 Shields


You had 5 spell levels left.
You didn't know any spells.

Dungeon Overview and Level Annotations

Branches:
Dungeon (1/1)

Altars:
Ashenzari
Elyvilon
Makhleb
Trog
Xom
Yredelemnul
Zin
the Shining One

Shops:
D +


Innate Abilities, Weirdness & Mutations

Your are under a permanent stasis effect.
You can dig through walls and to a lower floor.
Your four strong arms can wield any weapon, most with a shield.
You are susceptible to poison.
You have a pair of small antennae on your head.
Your body is surrounded by an exoskeleton. (HP +5, AC +1)


Message History

You slash the giant amoeba!
The giant amoeba is heavily wounded.
The giant amoeba closely misses you.
You hit the giant amoeba.
The giant amoeba is severely wounded.
You block the giant amoeba's attack. The giant amoeba hits you!
Ouch! That really hurt!
Your shield prevents you from hitting the giant amoeba.
The giant amoeba is severely wounded.
The giant amoeba hits you!
* * * LOW HITPOINT WARNING * * *
You are too injured to fight recklessly!
You are too injured to fight recklessly!
Attack whom?
Press: ? - help, Dir - move target cursor, f/p - giant amoeba
Aim: a giant amoeba (severely wounded)
Your shield and scale mail prevent you from hitting the giant amoeba.
The giant amoeba is severely wounded.
The giant amoeba hits you!
You die...

################ ##
#<<#..+..#..'..#__#
#<.)..#..'[.#.@J..+
#..#####)#####+#__#
#..####..#...#)# ##
#..._....#..##.#
#..#.....##'#..+
#⌠⌠#_.∩...'..._#
###......##_.#'#
#..#_._._###+#.#
########## ###


You could see a giant amoeba.

Vanquished Creatures
  An elephant slug (D)
  An ogre (D)
  Sigmund (D)
  A jelly (D)
  Ijyb (D)
5 creatures vanquished.

Notes
Turn   | Place    | Note
--------------------------------------------------------------
     0 | D        | Deemzul, the Formicid Fighter, began the quest for the Orb.
     0 | D        | Reached XP level 1. HP: 19/19 MP: 0/0
     1 | D        | Noticed Ijyb
    22 | D        | Killed Ijyb
    22 | D        | Reached skill level 5 in Polearms
    22 | D        | Reached XP level 2. HP: 15/24 MP: 1/1
   132 | D        | Found a bloodstained altar of Trog.
   132 | D        | Found a shattered altar of Ashenzari.
   132 | D        | Found a burning altar of Makhleb.
   135 | D        | Noticed an elephant slug
   135 | D        | Found a glowing golden altar of the Shining One.
   135 | D        | Found Qasajinau's Book Emporium.
   136 | D        | Found a glowing silver altar of Zin.
   208 | D        | Killed an elephant slug
   208 | D        | Reached skill level 10 in Polearms
   208 | D        | Reached XP level 3. HP: 8/29 MP: 2/2
   208 | D        | Reached XP level 4. HP: 9/33 MP: 3/3
   208 | D        | Reached XP level 5. HP: 10/37 MP: 4/4
   413 | D        | Found a shattered altar of Ashenzari.
   413 | D        | Found a shimmering altar of Xom.
   413 | D        | Noticed a jelly
   414 | D        | Killed a jelly
   414 | D        | Reached skill level 11 in Polearms
   414 | D        | Reached XP level 6. HP: 40/43 MP: 5/5
   454 | D        | Noticed an ogre
   460 | D        | Killed an ogre
   460 | D        | Reached skill level 12 in Polearms
   579 | D        | Noticed Sigmund
   619 | D        | Killed Sigmund
   619 | D        | Reached skill level 13 in Polearms
   799 | D        | Found a white marble altar of Elyvilon.
   799 | D        | Found a white marble altar of Elyvilon.
   799 | D        | Found a basalt altar of Yredelemnul.
   799 | D        | Found a bloodstained altar of Trog.
   799 | D        | Noticed a giant amoeba
   806 | D        | Slain by a giant amoeba

Action                   |  1- 3 |  4- 6 || total
-------------------------+-------+-------++-------
Melee: Trident           |    62 |    19 ||    81
       Scythe            |       |     7 ||     7
 Abil: Dig               |     2 |       ||     2
